 Dungeon Crawl Stone Soup version 0.22-a0-284-g99d1f74 (webtiles) character file.

165 varam the Ruffian (level 5, -15/46 HPs)
             Began as a Troll Transmuter on Mar 20, 2018.
             Killed by divine providence
             ... invoked by an orc priest
              (16 damage)
             ... on level 3 of the Dungeon.
             The game lasted 00:03:50 (1114 turns).

varam the Ruffian (Troll Transmuter)                Turns: 1114, Time: 00:03:51

Health: -15/46     AC:  5    Str: 18    XL:     5   Next: 21%
Magic:  4/5        EV: 10    Int: 10    God:
Gold:   116        SH:  0    Dex: 10    Spells: 5/6 levels left

rFire    + . .     SeeInvis +     - Unarmed
rCold    . . .     Gourm    +   (no shield)
rNeg     . . .     Faith    .   b - +0 robe
rPois    .         Spirit   .   (helmet restricted)
rElec    .         Reflect  .   (no cloak)
rCorr    .         Harm     .   (gloves unavailable)
MR       .....                  (boots unavailable)
Stlth    +.........             (no amulet)
HPRegen  0.55/turn              m - ring of see invisible
MPRegen  0.09/turn              l - ring of protection from fire

@: appendage (expiring)
A: large, unfitting armour, claws 3, horns 2, fast metabolism 3, gourmand,
regeneration 1, shaggy fur 1, tough skin 2
a: End Transformation


You were on level 3 of the Dungeon.
You were very full.
You had grown temporary horns.
You visited 1 branch of the dungeon, and saw 3 of its levels.

You collected 116 gold pieces.

Inventory:

Missiles
 a - 24 arrows
 n - 8 tomahawks (quivered)
Armour
 b - a +0 robe (worn)
Jewellery
 l - a ring of protection from fire (right claw)
 m - a ring of see invisible (left claw)
Scrolls
 c - 5 scrolls of remove curse {unknown}
 e - a scroll of enchant armour {unknown}
 f - a scroll of random uselessness {unknown}
 g - a scroll of fog {unknown}
 h - 2 scrolls of identify {unknown}
 k - 5 scrolls of teleportation {unknown}
 o - a scroll of enchant weapon {unknown}
Potions
 i - 2 potions of curing
 j - a potion of flight {unknown}
 q - a potion of magic {unknown}
Comestibles
 d - 6 rations


   Skills:
 - Level 0.7 Fighting
 - Level 1.5 Dodging
 + Level 6.0 Unarmed Combat
 - Level 1.2 Spellcasting
 - Level 1.3 Transmutations


You had 5 spell levels left.
You knew the following spells:

 Your Spells              Type           Power        Failure   Level  Hunger
a - Beastly Appendage     Tmut           #.....       19%         1    ##.....


Dungeon Overview and Level Annotations

Branches:
Dungeon (3/15)

Altars:
Trog


Innate Abilities, Weirdness & Mutations

You are too large for most types of armour.
You have claws for hands.
Your metabolism is lightning-fast.
You like to eat raw meat.
Your natural rate of healing is unusually fast.
You are covered in fur. (AC +1)
You have very tough skin. (AC +2)
You have a pair of horns on your head.


Message History

Your transformation is almost over.
The orc priest invokes the aid of Beogh against you.
Beogh smites you!
A worm comes into view.
You claw the orc priest!
The orc priest is almost dead.
The orc priest mumbles some strange prayers to Beogh against you.
Beogh smites you!
* * * LOW HITPOINT WARNING * * *
The orc throws a tomahawk of returning.
The tomahawk of returning closely misses you.
The weapon returns to the orc!
You aren't carrying any items that you can evoke.
Unknown command.
The orc throws a tomahawk of returning.
The tomahawk of returning hits you.
* * * LOW HITPOINT WARNING * * *
The weapon returns to the orc!
The orc priest mumbles some strange prayers to Beogh against you.
Beogh smites you!
You die...

#<# #.........)..#
### ##...........#
#####...........#
..........>.....#
#####...........#
###....#.######
#......#.#
#.#....#.##########
.....##@#.รท........#
......+....og.......#
#.....###.o##.......#
#.........o.......#.#
#######...##.........
#..w##$........
......##...o.....
..........o........
.........#..o......


You could see a worm, an orc priest, 2 orcs and a goblin.

Vanquished Creatures
  The ghost of Karim the Ruffian, an amateur DrTm (D:3)
  An orc priest (D:3)
  An ooze (D:2)
  A worm (D:2)
  A leopard gecko (D:1)
  3 orcs
  4 giant cockroaches (D:1)
  2 goblins
  7 jackals
  3 ball pythons
  7 bats
  A frilled lizard (D:1)
  5 kobolds
  5 rats
42 creatures vanquished.

Notes
Turn   | Place    | Note
-------+----------+-------------------------------------------
     0 | D:1      | varam the Troll Transmuter began the quest for the Orb.
     0 | D:1      | Reached XP level 1. HP: 18/18 MP: 1/1
   132 | D:1      | Reached XP level 2. HP: 26/26 MP: 2/2
   467 | D:1      | Reached skill level 4 in Unarmed Combat
   618 | D:2      | Reached XP level 3. HP: 25/32 MP: 1/3
   866 | D:2      | Found a bloodstained altar of Trog.
   994 | D:3      | Reached skill level 5 in Unarmed Combat
   994 | D:3      | Reached XP level 4. HP: 40/40 MP: 4/4
  1009 | D:3      | Noticed Karim's ghost (amateur DrTm)
  1032 | D:3      | Killed Karim's ghost
  1032 | D:3      | Reached XP level 5. HP: 21/46 MP: 1/5
  1092 | D:3      | Reached skill level 6 in Unarmed Combat
  1112 | D:3      | HP: 1/46 [orc priest/divine providence (14)]
  1114 | D:3      | Killed from afar by an orc priest

Vault maps used:
D:1:      dpeg_arrival_simpleton_c
D:2:      lightli_temple_of_fire
D:3:      nicolae_dithmenos_shadow_blocks, uniq_crazy_yiuf_cottage

Skill      XL: |  1  2  3  4  5 |
---------------+----------------+-----
Unarmed Combat | 4 5 6 |  6.0
Fighting       | |  0.7
Dodging        | |  1.5
Spellcasting   | |  1.2
Transmutations | |  1.3

Action                   |  1- 3 |  4- 6 || total
-------------------------+-------+-------++-------
Melee: Unarmed           |    98 |    25 ||   123
       Headbutt          |     3 |     2 ||     5
 Cast: Beastly Appendage |     3 |     3 ||     6
  Use: Potion            |       |     2 ||     2
  Eat: Chunk             |    14 |     1 ||    15
Armor: Robe              |    47 |     8 ||    55
       Skin              |       |     2 ||     2
Dodge: Dodged            |    76 |    14 ||    90

Table legend:
 A = Spawn XP
 B = Non-spawn XP
 C = Spawn XP percentage of total XP
 D = Spawn monster count
 E = Non-spawn monster count
 F = Spawn count percentage of total count
 G = Total turns spent on level
                    A         B        C        D         E        F      G
               +---------+---------+-------+---------+---------+-------+---------
         Total |       0 |     236 |   0.0 |       0 |      42 |   0.0 |  1114
               +---------+---------+-------+---------+---------+-------+---------
           D:1 |       0 |      35 |   0.0 |       0 |      22 |   0.0 |   595
           D:2 |       0 |      32 |   0.0 |       0 |      14 |   0.0 |   383
           D:3 |       0 |     169 |   0.0 |       0 |       6 |   0.0 |   136
               +---------+---------+-------+---------+---------+-------+---------
